Canucks vs Oilers
Created - February 20, 2024 at 20:11
Goals
|
| Canucks |
1 |
0 |
2 |
0 |
0 |
3 |
| Oilers |
0 |
1 |
2 |
0 |
1 |
4 |
|
Shots
|
| Canucks |
16 |
8 |
16 |
0 |
3 |
40 |
| Oilers |
10 |
8 |
12 |
2 |
3 |
32 |
|
1st period
1. Canucks , Tyler Myers 2 (Teemu Hartikainen 8, Derek Roy 14) at 9:39
Penalties :
No Penalty
2nd period
2. Oilers , Marcus Pettersson 4 (Alexander Radulov 5, Tyler Bertuzzi 13) at 13:05
Penalties :
Kyle Clifford (Edm) for Roughing (Minor) at 2:14, Alexander Radulov (Edm) for Interference (Minor) at 5:34, Jake Virtanen (Edm) for Cross-checking (Minor) at 10:29, Derek Roy (Van) for Roughing (Minor) at 15:37, Tyler Bertuzzi (Edm) for Interference (Minor) at 19:50
3rd period
3. Oilers , Mark Jankowski 3 (Raphael Diaz 4, Anton Slepyshev 7) at 2:08
4. Canucks , J.T. Miller 30 (Alexander Kerfoot 44, Tony DeAngelo 17) at 7:29
5. Oilers , Connor McDavid 29 (Connor Brown 35, Darnell Nurse 10) at 15:00 (PP)
6. Canucks , J.T. Miller 31 (Alexander Kerfoot 45, Oliver Ekman-Larsson 26) at 16:29 (PP)
Penalties :
Mathew Dumba (Edm) for Interference (Minor) at 9:07, Raphael Diaz (Edm) for Cross-checking (Minor) at 11:37, Teemu Hartikainen (Van) for Tripping (Minor) at 14:46, Mathew Dumba (Edm) for Roughing (Minor) at 15:03, Tony DeAngelo (Van) for Roughing (Minor) at 19:34
Overtime #1
No Goal
Penalties :
No Penalty
Shootout
Canucks, J.T. Miller - Stopped by Carter Hart
Oilers, Steven Stamkos - Shot Misses the Net
Canucks, Jordan Eberle - Stopped by Carter Hart
Oilers, Connor McDavid - Shot Misses the Net
Canucks, Robert Nilsson - Stopped by Carter Hart
Oilers, Kyle Clifford - Goal!
Penalties :
No Penalty
Goalie Stats
Petr Mrazek (Van), 29 saves from 32 shots - (0.906), OTL, 28-12-4, 65:00 minutes
Carter Hart (Edm), 37 saves from 40 shots - (0.925), W, 22-19-2, 65:00 minutes
Players Stats for Canucks
Player Name G A P +/- PIM S H SB GA TA FO MP PP MP PK MP
------------------------------------------------------------------------------------
Alexander Kerfoot 0 2 2 1 0 5 0 1 1 1 20/47 25:15 7:09 2:15
Beau Bennett 0 0 0 0 0 1 1 0 0 0 0/0 8:24 0:10 0:00
Ben Harpur 0 0 0 -1 0 1 1 2 0 2 0/0 14:55 4:45 1:34
Chris Bourque 0 0 0 0 0 3 1 0 0 0 0/0 9:37 0:25 0:32
Daniel Zaar 0 0 0 -1 0 4 1 1 0 0 0/0 7:28 0:00 0:00
Denis Gurianov 0 0 0 0 0 0 3 0 0 0 0/1 18:34 5:49 0:00
Derek Roy 0 1 1 -1 2 0 0 0 0 0 3/4 8:43 0:00 0:00
Gilbert Brule 0 0 0 0 0 0 2 0 0 1 1/2 15:45 5:49 1:02
J.T. Miller 2 0 2 1 0 7 5 2 3 1 1/2 26:15 7:31 1:31
Jordan Eberle 0 0 0 0 0 4 6 1 0 0 0/1 20:30 5:49 0:35
Lawson Crouse 0 0 0 1 0 1 6 0 0 1 0/1 23:00 7:18 0:00
Oliver Ekman-Larsson 0 1 1 1 0 3 2 0 1 0 0/0 32:28 8:35 2:36
Robert Nilsson 0 0 0 0 0 4 1 0 1 0 4/8 14:39 0:00 0:55
Teemu Hartikainen 0 1 1 -1 2 4 0 0 0 0 0/0 7:27 0:00 0:00
Tony DeAngelo 0 1 1 1 2 0 0 1 1 0 0/0 28:57 8:35 0:02
Travis Hamonic 0 0 0 -1 0 0 0 3 1 0 0/0 25:01 4:45 2:38
Tyler Myers 1 0 1 0 0 3 0 0 1 1 0/0 17:14 0:00 1:34
Vladislav Gavrikov 0 0 0 0 0 0 0 0 0 0 0/0 8:16 0:00 0:00
Players Stats for Oilers
Player Name G A P +/- PIM S H SB GA TA FO MP PP MP PK MP
------------------------------------------------------------------------------------
Alex Tuch 0 0 0 0 0 1 0 0 0 0 1/1 13:01 1:08 0:00
Alexander Radulov 0 1 1 0 2 2 0 0 0 0 0/0 13:55 0:03 0:00
Anton Slepyshev 0 1 1 1 0 1 0 0 0 0 0/0 8:45 0:00 2:01
Brent Seabrook 0 0 0 0 0 1 0 0 0 2 0/0 20:30 0:54 5:21
Connor Brown 0 1 1 -1 0 5 1 0 1 1 0/1 16:11 1:27 0:00
Connor McDavid 1 0 1 -1 0 2 1 1 1 0 18/32 25:15 1:27 8:06
Dalton Prout 0 0 0 0 0 0 1 1 0 2 0/0 22:00 0:54 6:41
Darnell Nurse 0 1 1 -1 0 2 1 1 1 1 0/0 30:49 1:44 7:59
Frederik Gauthier 0 0 0 0 0 2 2 0 0 0 6/11 13:20 0:03 0:53
Jake Virtanen 0 0 0 1 2 3 2 0 0 0 0/0 6:31 0:00 0:00
Kyle Clifford 0 0 0 0 2 2 0 0 0 0 0/0 16:35 1:08 2:58
Leon Draisaitl 0 0 0 0 0 3 4 0 0 0 7/12 18:18 1:08 4:27
Marcus Pettersson 1 0 1 1 0 1 0 0 0 0 0/0 11:50 0:00 0:00
Mark Jankowski 1 0 1 1 0 1 0 0 0 1 3/6 6:26 0:00 0:00
Mathew Dumba 0 0 0 -1 4 1 1 0 2 0 0/0 28:11 1:44 5:11
Raphael Diaz 0 1 1 1 2 1 0 0 1 0 0/0 14:05 0:00 1:28
Steven Stamkos 0 0 0 -1 0 3 1 1 0 2 2/3 25:33 1:30 8:13
Tyler Bertuzzi 0 1 1 0 2 1 1 0 1 0 0/0 12:38 0:00 0:02
3 Stars
1 - J.T. Miller (Van)
2 - Mark Jankowski (Edm)
3 - Marcus Pettersson (Edm)
Power Play
Canucks - 1 on 7 Attempt(s) - 14.29%
Oilers - 1 on 3 Attempt(s) - 33.33%
Penalty Kill
Canucks - 2 on 3 Attempt(s) - 66.67%
- Score 0 goal in Penalty Kill
Oilers - 6 on 7 Attempt(s) - 85.71%
- Score 0 goal in Penalty Kill
Team Stat
Canucks - Hits : 29 - Faceoff Wins : 29 - Blocked Shots : 11 - Penalty Minutes : 6
Oilers - Hits : 15 - Faceoff Wins : 37 - Blocked Shots : 4 - Penalty Minutes : 14
Official
Referees : Dean Morton and Michael Markovic
Linesman : Jesse Marquis and Steve Barton
Game Notes
No Game Note
Finance
Level 1 -- Attendance: 6000 (100.00%) -- Ticket Income $600,000
Level 2 -- Attendance: 4842 (96.84%) -- Ticket Income $290,520
Level 3 -- Attendance: 2000 (100.00%) -- Ticket Income $70,000
Level 4 -- Attendance: 3897 (97.43%) -- Ticket Income $97,425
Luxury Box -- Attendance: 930 (93.00%) -- Ticket Income $186,000
Game was played at the Rodgers Place.
Total Attendance: 17669 (98.16%)
Total Ticket Income: $1,243,945
Other Income: $186,592
Total Income: $1,430,537
Canucks
5 vs 5 Forward
Center Left Wing Right Wing Time % Phy DF OF
1 Alexander Kerfoot J.T. Miller Lawson Crouse 56 1 2 2
2 Robert Nilsson Denis Gurianov Jordan Eberle 30 1 2 2
3 Gilbert Brule Chris Bourque Beau Bennett 10 1 2 2
4 Derek Roy Teemu Hartikainen Daniel Zaar 4 1 2 2
5 vs 5 Defense
Defense Defense Time % Phy DF OF
1 Oliver Ekman-Larsson Tony DeAngelo 56 1 2 2
2 Tyler Myers Travis Hamonic 30 1 2 2
3 Vladislav Gavrikov Ben Harpur 10 1 2 2
4 Oliver Ekman-Larsson Travis Hamonic 4 1 2 2
PowerPlay Forward
Center Left Wing Right Wing Time % Phy DF OF
1 Alexander Kerfoot J.T. Miller Lawson Crouse 60 1 2 2
2 Gilbert Brule Denis Gurianov Jordan Eberle 40 1 2 2
PowerPlay Defense
Defense Defense Time % Phy DF OF
1 Oliver Ekman-Larsson Tony DeAngelo 60 1 2 2
2 Travis Hamonic Ben Harpur 40 1 2 2
Penalty Kill 4 Players Forward
Center Wing Time % Phy DF OF
1 Alexander Kerfoot J.T. Miller 60 1 2 2
2 Robert Nilsson Jordan Eberle 40 1 2 2
Penalty Kill 4 Players Defense
Defense Defense Time % Phy DF OF
1 Oliver Ekman-Larsson Travis Hamonic 60 1 2 2
2 Tyler Myers Ben Harpur 40 1 2 2
Penalty Kill - 3 Players Forward
Forward Time % Phy DF OF
1 Alexander Kerfoot 60 1 2 2
2 Robert Nilsson 40 1 2 2
Penalty Kill - 3 Players Defense
Defense Defense Time % Phy DF OF
1 Oliver Ekman-Larsson Travis Hamonic 60 1 2 2
2 Tyler Myers Ben Harpur 40 1 2 2
4 vs 4 Forward
Center Wing Time % Phy DF OF
1 Alexander Kerfoot J.T. Miller 60 1 2 2
2 Robert Nilsson Jordan Eberle 40 1 2 2
4 vs 4 Defense
Defense Defense Time % Phy DF OF
1 Oliver Ekman-Larsson Travis Hamonic 60 1 2 2
2 Tyler Myers Ben Harpur 40 1 2 2
Last Minutes Offensive
Center Left Wing Right Wing Defense Defense
Robert Nilsson J.T. Miller Lawson Crouse Oliver Ekman-Larsson Travis Hamonic
Last Minutes Defensive
Center Left Wing Right Wing Defense Defense
Robert Nilsson J.T. Miller Jordan Eberle Oliver Ekman-Larsson Travis Hamonic
Goaltenders
Starting : Petr Mrazek
Backup : Matt Hackett
Extra Forwards
Normal : Gilbert Brule, Chris Bourque, Beau Bennett - PP : Gilbert Brule, Chris Bourque - PK : Gilbert Brule
Extra Defensemen
Normal : Ben Harpur, Tony DeAngelo, Vladislav Gavrikov - PP : Ben Harpur - PK : Ben Harpur, Tony DeAngelo
Penalty Shots
J.T. Miller, Jordan Eberle, Robert Nilsson, Derek Roy, Gilbert Brule
Custom OT Lines Forwards
J.T. Miller, Jordan Eberle, Robert Nilsson, Derek Roy, Gilbert Brule, Chris Bourque, Beau Bennett, Alexander Kerfoot, Lawson Crouse, Daniel Zaar
Custom OT Lines Defensemen
Oliver Ekman-Larsson, Travis Hamonic, Tyler Myers, Ben Harpur, Tony DeAngelo
Scratches
Ilya Kovalchuk (Sports Hernia Injury)
Oilers
5 vs 5 Forward
Center Left Wing Right Wing Time % Phy DF OF
1 Connor McDavid Steven Stamkos Connor Brown 35 1 2 2
2 Leon Draisaitl Kyle Clifford Alex Tuch 30 1 2 2
3 Frederik Gauthier Tyler Bertuzzi Alexander Radulov 25 1 2 2
4 Mark Jankowski Anton Slepyshev Jake Virtanen 10 1 2 2
5 vs 5 Defense
Defense Defense Time % Phy DF OF
1 Darnell Nurse Mathew Dumba 40 1 2 2
2 Brent Seabrook Dalton Prout 30 1 2 2
3 Raphael Diaz Marcus Pettersson 20 1 2 2
4 Darnell Nurse Mathew Dumba 10 1 2 2
PowerPlay Forward
Center Left Wing Right Wing Time % Phy DF OF
1 Connor McDavid Steven Stamkos Connor Brown 60 1 2 2
2 Leon Draisaitl Kyle Clifford Alex Tuch 40 1 2 2
PowerPlay Defense
Defense Defense Time % Phy DF OF
1 Darnell Nurse Mathew Dumba 60 1 2 2
2 Brent Seabrook Dalton Prout 40 1 2 2
Penalty Kill 4 Players Forward
Center Wing Time % Phy DF OF
1 Connor McDavid Steven Stamkos 60 1 4 0
2 Leon Draisaitl Kyle Clifford 40 1 4 0
Penalty Kill 4 Players Defense
Defense Defense Time % Phy DF OF
1 Darnell Nurse Mathew Dumba 60 0 5 0
2 Brent Seabrook Dalton Prout 40 0 5 0
Penalty Kill - 3 Players Forward
Forward Time % Phy DF OF
1 Connor McDavid 60 0 5 0
2 Leon Draisaitl 40 0 5 0
Penalty Kill - 3 Players Defense
Defense Defense Time % Phy DF OF
1 Darnell Nurse Mathew Dumba 60 0 5 0
2 Brent Seabrook Dalton Prout 40 0 5 0
4 vs 4 Forward
Center Wing Time % Phy DF OF
1 Connor McDavid Steven Stamkos 60 1 2 2
2 Leon Draisaitl Kyle Clifford 40 1 2 2
4 vs 4 Defense
Defense Defense Time % Phy DF OF
1 Darnell Nurse Mathew Dumba 60 1 2 2
2 Brent Seabrook Dalton Prout 40 1 2 2
Last Minutes Offensive
Center Left Wing Right Wing Defense Defense
Connor McDavid Steven Stamkos Connor Brown Darnell Nurse Mathew Dumba
Last Minutes Defensive
Center Left Wing Right Wing Defense Defense
Connor McDavid Steven Stamkos Connor Brown Darnell Nurse Mathew Dumba
Goaltenders
Starting : Carter Hart
Backup : Mikko Koskinen
Extra Forwards
Normal : Leon Draisaitl, Alex Tuch, Alexander Radulov - PP : Leon Draisaitl, Alex Tuch - PK : Leon Draisaitl
Extra Defensemen
Normal : Dalton Prout, Raphael Diaz, Marcus Pettersson - PP : Dalton Prout - PK : Dalton Prout, Raphael Diaz
Penalty Shots
Steven Stamkos, Connor McDavid, Kyle Clifford, Connor Brown, Leon Draisaitl
Custom OT Lines Forwards
Steven Stamkos, Connor McDavid, Kyle Clifford, Connor Brown, Leon Draisaitl, Alex Tuch, Alexander Radulov, Tyler Bertuzzi, Frederik Gauthier, Jake Virtanen
Custom OT Lines Defensemen
Darnell Nurse, Mathew Dumba, Brent Seabrook, Dalton Prout, Raphael Diaz
Scratches
Mattias Ekholm (Healthy)
% Time on Ice - Canucks
Lines # - Real PCT - Wanted PCT - Time Play
Normal Forward
1 - 36% - 56% - 15:53
2 - 29% - 30% - 12:45
3 - 18% - 10% - 7:56
4 - 17% - 4% - 7:28
Normal Defense
1 - 45% - 56% - 19:55
2 - 37% - 30% - 16:28
3 - 15% - 10% - 6:41
4 - 2% - 4% - 0:58
PP Forward
1 - 56% - 60% - 7:31
2 - 44% - 40% - 5:49
PP Defense
1 - 64% - 60% - 8:35
2 - 36% - 40% - 4:45
PK Forward
1 - 78% - 60% - 2:03
2 - 22% - 40% - 0:35
PK Defense
1 - 67% - 60% - 1:46
2 - 33% - 40% - 0:52
PK3 Forward
1 - 79% - 60% - 1:14
2 - 21% - 40% - 0:20
PK3 Defense
1 - 55% - 60% - 0:52
2 - 45% - 40% - 0:42
44 Forward
1 - 0% - 60%
2 - 0% - 40%
44 Defense
1 - 0% - 60%
2 - 0% - 40%
Last Minute Offensive - 0:00
Last Minute Defensive - 0:00
Total
Forward - 61:34
Defense - 61:34
|
% Time on Ice - Oilers
Lines # - Real PCT - Wanted PCT - Time Play
Normal Forward
1 - 32% - 35% - 13:53
2 - 26% - 30% - 11:26
3 - 28% - 25% - 12:17
4 - 15% - 10% - 6:26
Normal Defense
1 - 39% - 40% - 17:23
2 - 29% - 30% - 12:53
3 - 27% - 20% - 11:50
4 - 4% - 10% - 1:56
PP Forward
1 - 57% - 60% - 1:30
2 - 43% - 40% - 1:08
PP Defense
1 - 66% - 60% - 1:44
2 - 34% - 40% - 0:54
PK Forward
1 - 74% - 60% - 9:54
2 - 26% - 40% - 3:26
PK Defense
1 - 65% - 60% - 8:36
2 - 36% - 40% - 4:44
PK3 Forward
1 - 0% - 60%
2 - 0% - 40%
PK3 Defense
1 - 0% - 60%
2 - 0% - 40%
44 Forward
1 - 100% - 60% - 1:34
2 - 0% - 40% - 0:00
44 Defense
1 - 50% - 60% - 0:47
2 - 50% - 40% - 0:47
Last Minute Offensive - 0:00
Last Minute Defensive - 0:00
Total
Forward - 61:34
Defense - 61:34
|
Play-by-Play
1st period
0:01 of 1st period - Connor McDavid wins face-off versus Alexander Kerfoot in neutral zone.
0:53 of 1st period - Alexander Radulov is hit by Gilbert Brule and loses puck.
1:18 of 1st period - Wrist shot by Teemu Hartikainen.
1:18 of 1st period - Stopped by Carter Hart without a rebound.
1:19 of 1st period - Alexander Kerfoot wins face-off versus Connor Brown in Oilers zone.
1:53 of 1st period - Kyle Clifford is hit by Jordan Eberle.
2:57 of 1st period - Snap shot by J.T. Miller.
2:57 of 1st period - Stopped by Carter Hart without a rebound.
2:58 of 1st period - Connor McDavid wins face-off versus Alexander Kerfoot in Oilers zone.
2:58 of 1st period - Connor McDavid is hit by Oliver Ekman-Larsson.
3:17 of 1st period - Snap shot by J.T. Miller.
3:17 of 1st period - Stopped by Carter Hart without a rebound.
3:18 of 1st period - Robert Nilsson wins face-off versus Leon Draisaitl in Oilers zone.
4:10 of 1st period - Snap shot by Alexander Radulov.
4:10 of 1st period - Shot Misses the Net.
4:12 of 1st period - Snap shot by Frederik Gauthier.
4:12 of 1st period - Stopped by Petr Mrazek without a rebound.
4:13 of 1st period - Frederik Gauthier wins face-off versus Alexander Kerfoot in Canucks zone.
4:14 of 1st period - Wrist shot by Alexander Radulov.
4:14 of 1st period - Shot Misses the Net.
4:19 of 1st period - Off-side.
4:20 of 1st period - Leon Draisaitl wins face-off versus Alexander Kerfoot in neutral zone.
4:23 of 1st period - Slapshot by Mathew Dumba.
4:23 of 1st period - Shot Blocked by J.T. Miller.
4:25 of 1st period - Snap shot by Alex Tuch.
4:25 of 1st period - Stopped by Petr Mrazek without a rebound.
4:26 of 1st period - Leon Draisaitl wins face-off versus Alexander Kerfoot in Canucks zone.
4:39 of 1st period - Wrist shot by Kyle Clifford.
4:39 of 1st period - Stopped by Petr Mrazek without a rebound.
4:40 of 1st period - Connor McDavid wins face-off versus J.T. Miller in Canucks zone.
4:53 of 1st period - Connor McDavid is hit by Lawson Crouse and loses puck.
5:14 of 1st period - Oliver Ekman-Larsson is hit by Mathew Dumba and loses puck.
5:29 of 1st period - Slapshot by Alex Tuch.
5:29 of 1st period - Shot Blocked by Travis Hamonic.
5:31 of 1st period - Snap shot by Kyle Clifford.
5:31 of 1st period - Shot Misses the Net.
5:33 of 1st period - Slapshot by Mathew Dumba.
5:33 of 1st period - Shot Blocked by Travis Hamonic.
5:35 of 1st period - Snap shot by Mathew Dumba.
5:35 of 1st period - Deflect By Chris Bourque.
5:35 of 1st period - Stopped by Petr Mrazek with a rebound.
6:00 of 1st period - Off-side.
6:01 of 1st period - Derek Roy wins face-off versus Connor McDavid in neutral zone.
6:58 of 1st period - Snap shot by Jordan Eberle.
6:58 of 1st period - Stopped by Carter Hart with a rebound.
7:00 of 1st period - Slapshot by Jordan Eberle.
7:00 of 1st period - Stopped by Carter Hart with a rebound.
7:16 of 1st period - Snap shot by Chris Bourque.
7:16 of 1st period - Stopped by Carter Hart with a rebound.
7:46 of 1st period - Wrist shot by Connor Brown.
7:46 of 1st period - Shot Blocked by Daniel Zaar.
7:48 of 1st period - Snap shot by Steven Stamkos.
7:48 of 1st period - Shot Misses the Net.
7:50 of 1st period - Wrist shot by Brent Seabrook.
7:50 of 1st period - Stopped by Petr Mrazek without a rebound.
7:51 of 1st period - Alexander Kerfoot wins face-off versus Mark Jankowski in Canucks zone.
9:33 of 1st period - Snap shot by Tyler Myers.
9:33 of 1st period - Stopped by Carter Hart with a rebound.
9:35 of 1st period - Snap shot by Teemu Hartikainen.
9:35 of 1st period - Stopped by Carter Hart with a rebound.
9:37 of 1st period - Snap shot by Teemu Hartikainen.
9:37 of 1st period - Stopped by Carter Hart with a rebound.
9:39 of 1st period - Slapshot by Tyler Myers.
9:39 of 1st period - Goal by Tyler Myers - Canucks : 1 - Oilers : 0.
9:40 of 1st period - Alexander Kerfoot wins face-off versus Connor McDavid in neutral zone.
9:51 of 1st period - Wrist shot by J.T. Miller.
9:51 of 1st period - Stopped by Carter Hart without a rebound.
9:52 of 1st period - Leon Draisaitl wins face-off versus Alexander Kerfoot in Oilers zone.
10:11 of 1st period - Kyle Clifford is hit by Lawson Crouse and loses puck.
10:30 of 1st period - Slapshot by Connor Brown.
10:30 of 1st period - Stopped by Petr Mrazek without a rebound.
10:31 of 1st period - Connor McDavid wins face-off versus Denis Gurianov in Canucks zone.
10:46 of 1st period - Snap shot by Jordan Eberle.
10:46 of 1st period - Stopped by Carter Hart without a rebound.
10:47 of 1st period - Leon Draisaitl wins face-off versus Alexander Kerfoot in Oilers zone.
12:32 of 1st period - Teemu Hartikainen is hit by Connor McDavid and loses puck.
12:41 of 1st period - Snap shot by Steven Stamkos.
12:41 of 1st period - Shot Blocked by Ben Harpur.
12:58 of 1st period - Snap shot by Jake Virtanen.
12:58 of 1st period - Stopped by Petr Mrazek without a rebound.
12:59 of 1st period - Alexander Kerfoot wins face-off versus Mark Jankowski in Canucks zone.
13:06 of 1st period - Lawson Crouse is hit by Jake Virtanen and loses puck.
13:38 of 1st period - Wrist shot by Alexander Radulov.
13:38 of 1st period - Stopped by Petr Mrazek with a rebound.
13:56 of 1st period - Snap shot by Leon Draisaitl.
13:56 of 1st period - Stopped by Petr Mrazek without a rebound.
13:57 of 1st period - Connor McDavid wins face-off versus Alexander Kerfoot in Canucks zone.
14:16 of 1st period - Marcus Pettersson is hit by Ben Harpur.
15:10 of 1st period - Snap shot by Leon Draisaitl.
15:10 of 1st period - Stopped by Petr Mrazek with a rebound.
15:28 of 1st period - Snap shot by Daniel Zaar.
15:28 of 1st period - Shot Misses the Net.
15:32 of 1st period - Snap shot by Teemu Hartikainen.
15:32 of 1st period - Shot Misses the Net.
15:34 of 1st period - Slapshot by Ben Harpur.
15:34 of 1st period - Shot Misses the Net.
15:44 of 1st period - Vladislav Gavrikov is hit by Leon Draisaitl and loses puck.
15:51 of 1st period - Slapshot by Ben Harpur.
15:51 of 1st period - Stopped by Carter Hart with a rebound.
16:13 of 1st period - Snap shot by Teemu Hartikainen.
16:13 of 1st period - Stopped by Carter Hart without a rebound.
16:14 of 1st period - Alexander Kerfoot wins face-off versus Connor McDavid in Oilers zone.
16:52 of 1st period - Slapshot by Denis Gurianov.
16:52 of 1st period - Shot Misses the Net.
17:38 of 1st period - Wrist shot by Robert Nilsson.
17:38 of 1st period - Stopped by Carter Hart with a rebound.
17:56 of 1st period - Slapshot by Alexander Kerfoot.
17:56 of 1st period - Stopped by Carter Hart with a rebound.
18:29 of 1st period - Off-side.
18:30 of 1st period - Connor McDavid wins face-off versus Robert Nilsson in neutral zone.
18:51 of 1st period - Oliver Ekman-Larsson is hit by Frederik Gauthier and loses puck.
18:58 of 1st period - Tyler Bertuzzi is hit by J.T. Miller and loses puck.
19:18 of 1st period - Anton Slepyshev is hit by Beau Bennett.
19:19 of 1st period - Icing by Anton Slepyshev.
19:20 of 1st period - Mark Jankowski wins face-off versus Alexander Kerfoot in Oilers zone.
Goals for this period are 1 for Canucks vs 0 for Oilers.
Shots for this period are 16 for Canucks vs 10 for Oilers.
2nd period
0:01 of 2nd period - Steven Stamkos wins face-off versus Alexander Kerfoot in neutral zone.
0:04 of 2nd period - Slapshot by Darnell Nurse.
0:04 of 2nd period - Shot Misses the Net.
0:57 of 2nd period - Snap shot by Leon Draisaitl.
0:57 of 2nd period - Stopped by Petr Mrazek without a rebound.
0:58 of 2nd period - Alexander Kerfoot wins face-off versus Connor McDavid in Canucks zone.
1:09 of 2nd period - Wrist shot by Connor Brown.
1:09 of 2nd period - Stopped by Petr Mrazek without a rebound.
1:10 of 2nd period - Connor McDavid wins face-off versus Alexander Kerfoot in Canucks zone.
1:23 of 2nd period - Snap shot by Steven Stamkos.
1:23 of 2nd period - Stopped by Petr Mrazek with a rebound.
2:14 of 2nd period - Minor Penalty to Kyle Clifford for Roughing.
2:15 of 2nd period - Connor McDavid wins face-off versus Alexander Kerfoot in Oilers zone.
4:04 of 2nd period - Jordan Eberle is hit by Leon Draisaitl and loses puck.
4:14 of 2nd period - Penalty to Kyle Clifford is over, Kyle Clifford is back on ice.
4:49 of 2nd period - Vladislav Gavrikov is hit by Jake Virtanen and loses puck.
5:27 of 2nd period - Slapshot by Frederik Gauthier.
5:27 of 2nd period - Shot Misses the Net.
5:34 of 2nd period - Minor Penalty to Alexander Radulov for Interference.
5:35 of 2nd period - Connor McDavid wins face-off versus Alexander Kerfoot in Oilers zone.
6:15 of 2nd period - Snap shot by Gilbert Brule.
6:15 of 2nd period - Shot Misses the Net.
6:17 of 2nd period - Snap shot by Jordan Eberle.
6:17 of 2nd period - Shot Misses the Net.
7:34 of 2nd period - Penalty to Alexander Radulov is over, Alexander Radulov is back on ice.
7:42 of 2nd period - Dalton Prout is hit by Daniel Zaar and loses puck.
8:06 of 2nd period - Off-side.
8:07 of 2nd period - Mark Jankowski wins face-off versus Gilbert Brule in neutral zone.
8:32 of 2nd period - Tyler Bertuzzi is hit by Jordan Eberle and loses puck.
8:57 of 2nd period - Slapshot by Steven Stamkos.
8:57 of 2nd period - Deflect By Connor McDavid.
8:57 of 2nd period - Shot Misses the Net.
8:57 of 2nd period - Puck is out of play.
8:58 of 2nd period - Alexander Kerfoot wins face-off versus Connor McDavid in Canucks zone.
9:05 of 2nd period - Slapshot by Connor McDavid.
9:05 of 2nd period - Shot Blocked by J.T. Miller.
9:13 of 2nd period - Connor McDavid is hit by J.T. Miller.
9:33 of 2nd period - Wrist shot by Connor McDavid.
9:33 of 2nd period - Shot Misses the Net.
9:35 of 2nd period - Snap shot by Connor McDavid.
9:35 of 2nd period - Stopped by Petr Mrazek without a rebound.
9:36 of 2nd period - Leon Draisaitl wins face-off versus Alexander Kerfoot in Canucks zone.
9:41 of 2nd period - Snap shot by Kyle Clifford.
9:41 of 2nd period - Stopped by Petr Mrazek with a rebound.
10:03 of 2nd period - Darnell Nurse is hit by Jordan Eberle and loses puck.
10:29 of 2nd period - Minor Penalty to Jake Virtanen for Cross-checking.
10:30 of 2nd period - Alexander Kerfoot wins face-off versus Connor McDavid in Oilers zone.
10:38 of 2nd period - Wrist shot by J.T. Miller.
10:38 of 2nd period - Stopped by Carter Hart with a rebound.
11:23 of 2nd period - Snap shot by Tony DeAngelo.
11:23 of 2nd period - Shot Misses the Net.
12:29 of 2nd period - Penalty to Jake Virtanen is over, Jake Virtanen is back on ice.
12:42 of 2nd period - Wrist shot by Alexander Radulov.
12:42 of 2nd period - Stopped by Petr Mrazek without a rebound.
12:43 of 2nd period - Derek Roy wins face-off versus Frederik Gauthier in Canucks zone.
12:43 of 2nd period - Derek Roy is hit by Frederik Gauthier.
13:03 of 2nd period - Wrist shot by Alexander Radulov.
13:03 of 2nd period - Shot Misses the Net.
13:05 of 2nd period - Wrist shot by Marcus Pettersson.
13:05 of 2nd period - Goal by Marcus Pettersson - Canucks : 1 - Oilers : 1.
13:06 of 2nd period - Connor McDavid wins face-off versus Alexander Kerfoot in neutral zone.
13:29 of 2nd period - Steven Stamkos is hit by J.T. Miller and loses puck.
13:44 of 2nd period - Tony DeAngelo is hit by Darnell Nurse and loses puck.
13:59 of 2nd period - Wrist shot by J.T. Miller.
13:59 of 2nd period - Shot Misses the Net.
14:01 of 2nd period - Slapshot by Tony DeAngelo.
14:01 of 2nd period - Shot Blocked by Darnell Nurse.
14:19 of 2nd period - Mathew Dumba is hit by Lawson Crouse.
14:25 of 2nd period - Slapshot by Tony DeAngelo.
14:25 of 2nd period - Shot Misses the Net.
14:27 of 2nd period - Snap shot by Alexander Kerfoot.
14:27 of 2nd period - Stopped by Carter Hart with a rebound.
14:29 of 2nd period - Wrist shot by Lawson Crouse.
14:29 of 2nd period - Stopped by Carter Hart with a rebound.
14:31 of 2nd period - Snap shot by Oliver Ekman-Larsson.
14:31 of 2nd period - Deflect By Connor McDavid.
14:31 of 2nd period - Stopped by Carter Hart without a rebound.
14:32 of 2nd period - Leon Draisaitl wins face-off versus Jordan Eberle in Oilers zone.
14:44 of 2nd period - Leon Draisaitl is hit by Denis Gurianov and loses puck.
14:49 of 2nd period - Snap shot by Robert Nilsson.
14:49 of 2nd period - Stopped by Carter Hart with a rebound.
15:03 of 2nd period - Wrist shot by Chris Bourque.
15:03 of 2nd period - Stopped by Carter Hart with a rebound.
15:28 of 2nd period - Snap shot by Jake Virtanen.
15:28 of 2nd period - Stopped by Petr Mrazek with a rebound.
15:37 of 2nd period - Minor Penalty to Derek Roy for Roughing.
15:38 of 2nd period - Leon Draisaitl wins face-off versus Alexander Kerfoot in Canucks zone.
15:39 of 2nd period - Wrist shot by Kyle Clifford.
15:39 of 2nd period - Shot Blocked by Alexander Kerfoot.
16:37 of 2nd period - Kyle Clifford is hit by J.T. Miller.
16:53 of 2nd period - Kyle Clifford is hit by Oliver Ekman-Larsson and loses puck.
17:37 of 2nd period - Penalty to Derek Roy is over, Derek Roy is back on ice.
17:50 of 2nd period - Dalton Prout is hit by Jordan Eberle and loses puck.
17:55 of 2nd period - Snap shot by Jordan Eberle.
17:55 of 2nd period - Stopped by Carter Hart without a rebound.
17:56 of 2nd period - Frederik Gauthier wins face-off versus Robert Nilsson in Oilers zone.
18:20 of 2nd period - Marcus Pettersson is hit by Chris Bourque and loses puck.
18:33 of 2nd period - Snap shot by Chris Bourque.
18:33 of 2nd period - Shot Misses the Net.
18:42 of 2nd period - Off-side.
18:43 of 2nd period - Alexander Kerfoot wins face-off versus Mark Jankowski in neutral zone.
18:48 of 2nd period - Snap shot by Alexander Kerfoot.
18:48 of 2nd period - Stopped by Carter Hart without a rebound.
18:49 of 2nd period - Connor McDavid wins face-off versus Alexander Kerfoot in Oilers zone.
18:58 of 2nd period - Wrist shot by Lawson Crouse.
18:58 of 2nd period - Shot Misses the Net.
19:48 of 2nd period - Snap shot by Chris Bourque.
19:48 of 2nd period - Shot Misses the Net.
19:50 of 2nd period - Minor Penalty to Tyler Bertuzzi for Interference.
19:51 of 2nd period - Alexander Kerfoot wins face-off versus Connor McDavid in Oilers zone.
Goals for this period are 0 for Canucks vs 1 for Oilers.
Shots for this period are 8 for Canucks vs 8 for Oilers.
3rd period
0:01 of 3rd period - Connor McDavid wins face-off versus Alexander Kerfoot in neutral zone.
1:50 of 3rd period - Penalty to Tyler Bertuzzi is over, Tyler Bertuzzi is back on ice.
2:02 of 3rd period - Snap shot by Steven Stamkos.
2:02 of 3rd period - Shot Blocked by Ben Harpur.
2:04 of 3rd period - Snap shot by Mark Jankowski.
2:04 of 3rd period - Deflect By Anton Slepyshev.
2:04 of 3rd period - Stopped by Petr Mrazek with a rebound.
2:06 of 3rd period - Wrist shot by Raphael Diaz.
2:06 of 3rd period - Stopped by Petr Mrazek with a rebound.
2:08 of 3rd period - Wrist shot by Mark Jankowski.
2:08 of 3rd period - Goal by Mark Jankowski - Canucks : 1 - Oilers : 2.
2:09 of 3rd period - Alexander Kerfoot wins face-off versus Leon Draisaitl in neutral zone.
2:58 of 3rd period - Slapshot by Derek Roy.
2:58 of 3rd period - Deflect By Daniel Zaar.
2:58 of 3rd period - Stopped by Carter Hart with a rebound.
3:00 of 3rd period - Snap shot by Daniel Zaar.
3:00 of 3rd period - Stopped by Carter Hart with a rebound.
3:02 of 3rd period - Slapshot by Tyler Myers.
3:02 of 3rd period - Stopped by Carter Hart with a rebound.
3:04 of 3rd period - Snap shot by Daniel Zaar.
3:04 of 3rd period - Stopped by Carter Hart with a rebound.
3:06 of 3rd period - Snap shot by Daniel Zaar.
3:06 of 3rd period - Stopped by Carter Hart with a rebound.
3:08 of 3rd period - Snap shot by Travis Hamonic.
3:08 of 3rd period - Deflect By Daniel Zaar.
3:08 of 3rd period - Shot Blocked by Connor McDavid.
3:08 of 3rd period - Puck is out of play.
3:09 of 3rd period - Alex Tuch wins face-off versus Alexander Kerfoot in Oilers zone.
3:09 of 3rd period - Alex Tuch is hit by Lawson Crouse.
4:40 of 3rd period - Marcus Pettersson is hit by Denis Gurianov and loses puck.
4:51 of 3rd period - Jordan Eberle is hit by Leon Draisaitl and loses puck.
5:15 of 3rd period - Wrist shot by Robert Nilsson.
5:15 of 3rd period - Stopped by Carter Hart without a rebound.
5:16 of 3rd period - Alexander Kerfoot wins face-off versus Connor McDavid in Oilers zone.
5:17 of 3rd period - Wrist shot by J.T. Miller.
5:17 of 3rd period - Shot Misses the Net.
5:19 of 3rd period - Slapshot by Vladislav Gavrikov.
5:19 of 3rd period - Deflect By Lawson Crouse.
5:19 of 3rd period - Shot Misses the Net.
5:19 of 3rd period - Puck is out of play.
5:20 of 3rd period - Connor McDavid wins face-off versus Alexander Kerfoot in Oilers zone.
5:20 of 3rd period - Connor McDavid is hit by J.T. Miller.
6:24 of 3rd period - Wrist shot by Robert Nilsson.
6:24 of 3rd period - Stopped by Carter Hart without a rebound.
6:25 of 3rd period - Alexander Kerfoot wins face-off versus Connor McDavid in Oilers zone.
6:28 of 3rd period - Wrist shot by Alexander Kerfoot.
6:28 of 3rd period - Stopped by Carter Hart without a rebound.
6:29 of 3rd period - Connor McDavid wins face-off versus Alexander Kerfoot in Oilers zone.
6:55 of 3rd period - Slapshot by Alexander Kerfoot.
6:55 of 3rd period - Shot Misses the Net.
7:27 of 3rd period - Snap shot by J.T. Miller.
7:27 of 3rd period - Stopped by Carter Hart with a rebound.
7:29 of 3rd period - Wrist shot by J.T. Miller.
7:29 of 3rd period - Goal by J.T. Miller - Canucks : 2 - Oilers : 2.
7:30 of 3rd period - Robert Nilsson wins face-off versus Leon Draisaitl in neutral zone.
7:39 of 3rd period - Travis Hamonic is hit by Leon Draisaitl and loses puck.
7:56 of 3rd period - Snap shot by Mark Jankowski.
7:56 of 3rd period - Shot Blocked by Jordan Eberle.
8:28 of 3rd period - Snap shot by Beau Bennett.
8:28 of 3rd period - Stopped by Carter Hart without a rebound.
8:29 of 3rd period - Alexander Kerfoot wins face-off versus Leon Draisaitl in Oilers zone.
8:56 of 3rd period - Gilbert Brule is hit by Connor Brown and loses puck.
9:05 of 3rd period - Snap shot by Chris Bourque.
9:05 of 3rd period - Stopped by Carter Hart with a rebound.
9:07 of 3rd period - Minor Penalty to Mathew Dumba for Interference.
9:08 of 3rd period - Alexander Kerfoot wins face-off versus Connor McDavid in Oilers zone.
9:15 of 3rd period - Oliver Ekman-Larsson is hit by Steven Stamkos and loses puck.
9:22 of 3rd period - Wrist shot by Steven Stamkos.
9:22 of 3rd period - Stopped by Petr Mrazek with a rebound.
9:24 of 3rd period - Slapshot by Darnell Nurse.
9:24 of 3rd period - Shot Misses the Net.
9:34 of 3rd period - Darnell Nurse is hit by Gilbert Brule and loses puck.
10:27 of 3rd period - Icing by Denis Gurianov.
10:28 of 3rd period - Gilbert Brule wins face-off versus Connor McDavid in Canucks zone.
11:07 of 3rd period - Penalty to Mathew Dumba is over, Mathew Dumba is back on ice.
11:14 of 3rd period - Slapshot by Darnell Nurse.
11:14 of 3rd period - Stopped by Petr Mrazek without a rebound.
11:15 of 3rd period - Frederik Gauthier wins face-off versus Derek Roy in Canucks zone.
11:37 of 3rd period - Minor Penalty to Raphael Diaz for Cross-checking.
11:38 of 3rd period - Alexander Kerfoot wins face-off versus Connor McDavid in Oilers zone.
12:23 of 3rd period - Connor McDavid is hit by Denis Gurianov and loses puck.
13:00 of 3rd period - Snap shot by Gilbert Brule.
13:00 of 3rd period - Shot Misses the Net.
13:02 of 3rd period - Slapshot by Oliver Ekman-Larsson.
13:02 of 3rd period - Shot Blocked by Steven Stamkos.
13:18 of 3rd period - Snap shot by Jordan Eberle.
13:18 of 3rd period - Shot Misses the Net.
13:20 of 3rd period - Wrist shot by Oliver Ekman-Larsson.
13:20 of 3rd period - Stopped by Carter Hart without a rebound.
13:21 of 3rd period - Alexander Kerfoot wins face-off versus Leon Draisaitl in Oilers zone.
13:37 of 3rd period - Penalty to Raphael Diaz is over, Raphael Diaz is back on ice.
13:53 of 3rd period - Icing by Teemu Hartikainen.
13:54 of 3rd period - Derek Roy wins face-off versus Frederik Gauthier in Canucks zone.
13:54 of 3rd period - Derek Roy is hit by Tyler Bertuzzi.
14:01 of 3rd period - Icing by Tyler Bertuzzi.
14:02 of 3rd period - Frederik Gauthier wins face-off versus Alexander Kerfoot in Oilers zone.
14:02 of 3rd period - Frederik Gauthier is hit by Lawson Crouse.
14:16 of 3rd period - Wrist shot by Alexander Kerfoot.
14:16 of 3rd period - Shot Misses the Net.
14:38 of 3rd period - Wrist shot by Kyle Clifford.
14:38 of 3rd period - Shot Misses the Net.
14:40 of 3rd period - Wrist shot by Leon Draisaitl.
14:40 of 3rd period - Shot Misses the Net.
14:46 of 3rd period - Minor Penalty to Teemu Hartikainen for Tripping.
14:47 of 3rd period - Alexander Kerfoot wins face-off versus Connor McDavid in Canucks zone.
14:52 of 3rd period - Slapshot by Oliver Ekman-Larsson.
14:52 of 3rd period - Stopped by Carter Hart with a rebound.
14:58 of 3rd period - Snap shot by Connor Brown.
14:58 of 3rd period - Shot Misses the Net.
15:00 of 3rd period - Snap shot by Connor McDavid.
15:00 of 3rd period - Goal by Connor McDavid - Canucks : 2 - Oilers : 3.
15:01 of 3rd period - Frederik Gauthier wins face-off versus Alexander Kerfoot in neutral zone.
15:03 of 3rd period - Minor Penalty to Mathew Dumba for Roughing.
15:04 of 3rd period - Alexander Kerfoot wins face-off versus Connor McDavid in Oilers zone.
15:09 of 3rd period - Wrist shot by Alexander Kerfoot.
15:09 of 3rd period - Stopped by Carter Hart without a rebound.
15:10 of 3rd period - Connor McDavid wins face-off versus Lawson Crouse in Oilers zone.
15:42 of 3rd period - Slapshot by J.T. Miller.
15:42 of 3rd period - Shot Blocked by Dalton Prout.
15:52 of 3rd period - Connor McDavid is hit by Lawson Crouse and loses puck.
16:29 of 3rd period - Slapshot by J.T. Miller.
16:29 of 3rd period - Goal by J.T. Miller - Canucks : 3 - Oilers : 3.
16:30 of 3rd period - Robert Nilsson wins face-off versus Frederik Gauthier in neutral zone.
16:40 of 3rd period - Off-side.
16:41 of 3rd period - Robert Nilsson wins face-off versus Frederik Gauthier in neutral zone.
16:41 of 3rd period - Tyler Myers is hit by Dalton Prout and loses puck.
17:15 of 3rd period - Slapshot by Connor Brown.
17:15 of 3rd period - Stopped by Petr Mrazek without a rebound.
17:16 of 3rd period - Connor McDavid wins face-off versus Alexander Kerfoot in Canucks zone.
17:19 of 3rd period - Snap shot by Connor Brown.
17:19 of 3rd period - Stopped by Petr Mrazek without a rebound.
17:20 of 3rd period - Steven Stamkos wins face-off versus Alexander Kerfoot in Canucks zone.
17:25 of 3rd period - Slapshot by Connor Brown.
17:25 of 3rd period - Stopped by Petr Mrazek with a rebound.
18:52 of 3rd period - Icing by Tyler Myers.
18:53 of 3rd period - Mark Jankowski wins face-off versus Robert Nilsson in Canucks zone.
18:54 of 3rd period - Snap shot by Jake Virtanen.
18:54 of 3rd period - Stopped by Petr Mrazek with a rebound.
18:56 of 3rd period - Wrist shot by Frederik Gauthier.
18:56 of 3rd period - Stopped by Petr Mrazek without a rebound.
18:57 of 3rd period - Alexander Kerfoot wins face-off versus Frederik Gauthier in Canucks zone.
19:08 of 3rd period - Slapshot by Alexander Kerfoot.
19:08 of 3rd period - Shot Misses the Net.
19:10 of 3rd period - Snap shot by Oliver Ekman-Larsson.
19:10 of 3rd period - Deflect By Alexander Kerfoot.
19:10 of 3rd period - Shot Misses the Net.
19:10 of 3rd period - Puck is out of play.
19:11 of 3rd period - Frederik Gauthier wins face-off versus Robert Nilsson in Oilers zone.
19:18 of 3rd period - Slapshot by Frederik Gauthier.
19:18 of 3rd period - Shot Misses the Net.
19:26 of 3rd period - Slapshot by Frederik Gauthier.
19:26 of 3rd period - Shot Misses the Net.
19:28 of 3rd period - Snap shot by Mathew Dumba.
19:28 of 3rd period - Shot Hit the Post.
19:34 of 3rd period - Minor Penalty to Tony DeAngelo for Roughing.
19:35 of 3rd period - Connor McDavid wins face-off versus Alexander Kerfoot in Canucks zone.
19:38 of 3rd period - Slapshot by Steven Stamkos.
19:38 of 3rd period - Stopped by Petr Mrazek with a rebound.
Goals for this period are 2 for Canucks vs 2 for Oilers.
Shots for this period are 16 for Canucks vs 12 for Oilers.
Overtime #1
0:01 of 1st overtime period - Connor McDavid wins face-off versus Alexander Kerfoot in neutral zone.
0:12 of 1st overtime period - Snap shot by Connor McDavid.
0:12 of 1st overtime period - Shot Misses the Net.
0:14 of 1st overtime period - Snap shot by Steven Stamkos.
0:14 of 1st overtime period - Shot Blocked by Travis Hamonic.
1:34 of 1st overtime period - Penalty to Tony DeAngelo is over, Tony DeAngelo is back on ice.
1:52 of 1st overtime period - Wrist shot by Kyle Clifford.
1:52 of 1st overtime period - Shot Blocked by Tony DeAngelo.
1:58 of 1st overtime period - Mathew Dumba is hit by Jordan Eberle and loses puck.
2:19 of 1st overtime period - Darnell Nurse is hit by Robert Nilsson.
2:49 of 1st overtime period - Slapshot by Gilbert Brule.
2:49 of 1st overtime period - Shot Misses the Net.
3:01 of 1st overtime period - Alexander Radulov is hit by Jordan Eberle and loses puck.
4:18 of 1st overtime period - Snap shot by Tyler Bertuzzi.
4:18 of 1st overtime period - Shot Misses the Net.
4:24 of 1st overtime period - Snap shot by Tyler Bertuzzi.
4:24 of 1st overtime period - Stopped by Petr Mrazek with a rebound.
4:26 of 1st overtime period - Slapshot by Darnell Nurse.
4:26 of 1st overtime period - Deflect By Jordan Eberle.
4:26 of 1st overtime period - Stopped by Petr Mrazek without a rebound.
4:27 of 1st overtime period - J.T. Miller wins face-off versus Steven Stamkos in Canucks zone.
Goals for this period are 0 for Canucks vs 0 for Oilers.
Shots for this period are 0 for Canucks vs 2 for Oilers.
ShootOut
5:00 of 1st overtime period - Round #1.
5:00 of 1st overtime period - Canucks, J.T. Miller.
5:00 of 1st overtime period - Snap shot by J.T. Miller.
5:00 of 1st overtime period - Stopped by Carter Hart.
5:00 of 1st overtime period - Oilers, Steven Stamkos.
5:00 of 1st overtime period - Snap shot by Steven Stamkos.
5:00 of 1st overtime period - Shot Misses the Net.
5:00 of 1st overtime period - Round #2.
5:00 of 1st overtime period - Canucks, Jordan Eberle.
5:00 of 1st overtime period - Snap shot by Jordan Eberle.
5:00 of 1st overtime period - Stopped by Carter Hart.
5:00 of 1st overtime period - Oilers, Connor McDavid.
5:00 of 1st overtime period - Wrist shot by Connor McDavid.
5:00 of 1st overtime period - Shot Misses the Net.
5:00 of 1st overtime period - Round #3.
5:00 of 1st overtime period - Canucks, Robert Nilsson.
5:00 of 1st overtime period - Deke by Robert Nilsson.
5:00 of 1st overtime period - Stopped by Carter Hart.
5:00 of 1st overtime period - Oilers, Kyle Clifford.
5:00 of 1st overtime period - Wrist shot by Kyle Clifford.
5:00 of 1st overtime period - Goal by Kyle Clifford.